 Dungeon Crawl Stone Soup version 0.28.0 (webtiles) character file.

Game seed: 15193420511954255868

466 Baz the Skirmisher (level 6, -6/51 HPs)
             Began as a Mummy Delver on Feb 14, 2022.
             Was a Believer of Kikubaaqudgha.
             Killed by divine providence
             ... invoked by an orc priest
              (10 damage)
             ... on level 4 of the Dungeon.
             The game lasted 00:11:07 (5866 turns).

Baz the Skirmisher (Mummy Delver)                   Turns: 5866, Time: 00:11:08

Health: -6/51      AC:  5    Str: 15    XL:     6   Next: 81%
Magic:  3/6        EV: 11    Int: 11    God:    Kikubaaqudgha [**....]
Gold:   134        SH:  0    Dex: 14    Spells: 0/5 levels left

rFire   x . .      SeeInvis .   a - +0 spear
rCold   + . .      Faith    .   (no shield)
rNeg    + + +      Spirit   .   b - +0 leather armour
rPois   ∞          Reflect  .   (no helmet)
rElec   .          Harm     .   n - +0 cloak
rCorr   .          Rampage  .   (no gloves)
Will    .....                   k - +0 pair of boots
Stlth   ++........              (no amulet)
HPRegen 0.17/turn               (no ring)
MPRegen 0.10/turn               (no ring)

@: very slightly contaminated
A: cold resistance 1, negative energy resistance 3, torment resistance 2, heat
vulnerability 1, no potions
a: Renounce Religion, Receive Corpses


You were on level 4 of the Dungeon.
You worshipped Kikubaaqudgha.
Kikubaaqudgha was pleased with you.
You visited 1 branch of the dungeon, and saw 6 of its levels.

You collected 134 gold pieces.

Inventory:

Hand Weapons
 a - a +0 spear (weapon)
Missiles
 i - 8 poisoned darts (quivered)
 l - 4 javelins
Armour
 b - a +0 leather armour (worn)
 k - a +0 pair of boots (worn)
 n - a +0 cloak (worn)
Wands
 f - a wand of digging (3)
 h - a wand of iceblast (8)
Scrolls
 c - a scroll of fog
 d - a scroll of magic mapping
 e - a scroll of fear
 g - 2 scrolls of identify {unknown}
 j - 2 scrolls of immolation {unknown}
 m - a scroll of vulnerability {unknown}


   Skills:
 - Level 5.3 Fighting
 + Level 2.6 Polearms
 - Level 1.5 Dodging
 - Level 4.1 Stealth
 * Level 1.1 Necromancy
 + Level 3.6 Evocations


You couldn't memorise any spells.
You knew the following spells:

 Your Spells              Type           Power      Damage    Failure   Level
a - Pain                  Necr           8%         1d4       26%         1
b - Animate Skeleton      Necr           4%         N/A       26%         1
c - Vampiric Draining     Necr           2%         2d6       63%         3

Your spell library contained the following spells:

 Spells                   Type           Power      Damage    Failure   Level
 Sandblast                Erth           0%         2d4       41%         1
 Passwall                 Tmut/Erth      0%         N/A       54%         2
 Call Canine Familiar     Summ           0%         N/A       78%         3
 Portal Projectile        Hex/Tloc       0%         N/A       78%         3
 Stone Arrow              Conj/Erth      0%         3d7       78%         3
 Leda's Liquefaction      Hex/Erth       0%         N/A       99%         4
 Agony                    Necr           2%         N/A       100%        5
 Fireball                 Conj/Fire      0%         3d3       100%        5
 Starburst                Conj/Fire      0%         6d3       100%        6
 Ignition                 Fire           0%         3d3       100%        8


Dungeon Overview and Level Annotations

Branches:
Dungeon (6/15)
 Temple: D:4-7

Altars:
Kikubaaqudgha
Yredelemnul

Annotations:
D:3 3 runed translucent doors, Peloso's ghost, amateur MiFi; mfcas's ghost, amateur OpFE
D:4 2 transporters, mfcas's ghost, weakling DECj


Innate Abilities, Weirdness & Mutations

You are immune to poison.
Your flesh is cold resistant. (rC+)
You are immune to negative energy. (rN+++)
You are immune to unholy pain and torment.
You are vulnerable to heat. (rF-)
You do not drink.


Message History

You hear some strange, mumbled words.
A puff of flame appears from out of thin air!
The puff of flame hits you! The fire burns you terribly!
Casting: Pain (safe; 28% risk of failure)
Confirm with . or Enter, or press ? or * to list all spells.
You miscast Animate Skeleton.
You are very lightly contaminated with residual magic.
Nothing appears to happen.
Something hits you.
Unknown command.
Casting: Animate Skeleton (safe; 28% risk of failure)
Confirm with . or Enter, or press ? or * to list all spells.
You miscast Animate Skeleton.
Nothing appears to happen.
Something hits you but does no damage.
Unknown command.
You hear some strange, mumbled words.
A puff of flame appears from out of thin air!
The puff of flame misses you.
You hear some strange, mumbled words.
You are confused.
You bump into the rock wall.
The centaur wields a +0 shortbow.
The centaur shoots an arrow.
Reactivating autopickup.
You feel a bit more experienced.
You hear a shout!
You bump into the rock wall.
The orc priest mumbles some strange prayers to Beogh against you.
Beogh smites you!
* * * LOW HITPOINT WARNING * * *
The centaur shoots an arrow.
The arrow hits you.
* * * LOW HITPOINT WARNING * * *
You bump into the rock wall.
An orc comes into view. It is wielding a +0 dagger.
You're too confused to move!
You feel less confused.
The centaur shoots an arrow.
The arrow hits you.
* * * LOW HITPOINT WARNING * * *
The orc priest invokes the aid of Beogh against you.
Beogh smites you!
You die...
Kikubaaqudgha rasps: "You have failed me!
Welcome... oblivion!"

# ##.######.## ##>.# #..#.##
####.........# #...## #....#
......####...## #....####...##
#.....###.....## ##.....# #....#
##....#...###..####......####....
##..#...## ###.#.........####...
#..##..## ##...###......###..
#.####..## #..## ##.....# #..
##.# ##..## ##@.## ##....# ##.
#.†# ##..###.o..## ########..
##..# ##÷.#c.###.## ##... ....#
##...## ##.## ##.... ...## ##..)#
##<######...## #### ###.##.#
#...##....## #..##o##
###........## ######.o#
#..####....#


oc# #### ##..## You could see a centaur, an orc priest and an orc.

Vanquished Creatures
  A sky beast (D:5)
  2 water moccasin skeletons
  A howler monkey (D:5)
  A hound (D:4)
  Jessica (D:2)
  An iguana (D:5)
  3 adders
  5 worms (D:4)
  A dart slug (D:1)
  9 orcs
  6 bats
  4 endoplasms
  4 giant cockroaches
  6 goblins
  8 hobgoblins
  6 jackals
  A quokka (D:2)
  5 ball pythons
  A frilled lizard (D:3)
  10 kobolds
  11 rats
87 creatures vanquished.

Vanquished Creatures (others)
  An orc wizard (D:4)
  12 fungi (D:5)
  7 plants
  5 withered plants (D:3)
25 creatures vanquished.

Grand Total: 112 creatures vanquished

Notes
Turn   | Place    | Note
-------+----------+-------------------------------------------
     0 | D:5      | Baz the Mummy Delver began the quest for the Orb.
     0 | D:5      | Reached XP level 1. HP: 18/18 MP: 1/1
   154 | D:5      | Reached XP level 2. HP: 13/24 MP: 2/2
   291 | D:5      | Noticed a sky beast
   304 | D:5      | Killed a sky beast
   305 | D:5      | Reached skill level 4 in Fighting
   305 | D:5      | Reached XP level 3. HP: 31/31 MP: 3/3
   305 | D:5      | Reached XP level 4. HP: 38/38 MP: 4/4
   345 | D:5      | Reached XP level 5. HP: 37/43 MP: 5/5
  1000 | D:4      | Reached skill level 5 in Fighting
  1161 | D:5      | Reached XP level 6. HP: 29/51 MP: 6/6
  2762 | D:2      | Found a faded altar of an unknown god.
  2763 | D:2      | Noticed Jessica
  2776 | D:2      | Killed Jessica
  2793 | D:2      | Prayed at the altar of an unknown god.
  2793 | D:2      | Became a worshipper of Kikubaaqudgha
  2793 | D:2      | Reached * piety under Kikubaaqudgha
  2793 | D:2      | Received a gift from Kikubaaqudgha
  2796 | D:2      | Learned a level 1 spell: Pain
  2798 | D:2      | Learned a level 1 spell: Animate Skeleton
  2802 | D:2      | Learned a level 3 spell: Vampiric Draining
  3101 | D:2      | Found a basalt altar of Yredelemnul.
  4400 | D:3      | Found a runed translucent gate.
  4401 | D:3      | Found a runed translucent gate.
  4402 | D:3      | Found a runed translucent gate.
  4403 | D:3      | Noticed Peloso's ghost (amateur MiFi)
  4403 | D:3      | Noticed mfcas's ghost (amateur OpFE)
  4471 | D:3      | Reached ** piety under Kikubaaqudgha
  4580 | D:4      | Found a transporter.
  4593 | D:4      | Noticed mfcas's ghost (weakling DECj)
  4608 | D:4      | Found a transporter.
  5586 | D:4      | Reached skill level 1 in Necromancy
  5866 | D:4      | Killed from afar by an orc priest

Illustrated notes

Levels and vault maps discovered:
D:1:      lightli_arrival_noodles, layout_basic
D:2:      layout_loops_ring, basic_ecumenical_altar, basic_altar, serial_forest,
          infiniplex_forest_clump_cross, infiniplex_forest_straight_1,
          infiniplex_forest_clump_diagonal, infiniplex_forest_straight_1,
          infiniplex_forest_lined_room_, infiniplex_forest_lined_2,
          infiniplex_forest_end_2, uniq_jessica
D:3:      layout_loops_corners, gammafunk_ghost_cemetery,
          palyth_stone_intersect, lexackson_kobold_supper
D:4:      layout_layer_cave, gammafunk_ghost_arena, nicolae_wormholes
D:5:      cheibrodos_thug_alley, layout_loops_corners, minmay_temple_entry_mist,
          serial_aquarium, aquarium_bridge_straight [aquarium_subvault_bridge,
          aquarium_subvault_balcony, aquarium_subvault_bridge,
          aquarium_subvault_wall], aquarium_bridge_straight
          [aquarium_subvault_bridge, aquarium_subvault_wall,
          aquarium_subvault_bridge, aquarium_subvault_window],
          aquarium_window_3, aquarium_window_2, aquarium_window_2,
          aquarium_view_2c, aquarium_view_2f, minmay_misc_feat_nine_boxes,
          minmay_misc_feat_enclosed
D:6:      layout_gridville, gammafunk_temple_overflow_statue,
          lightli_sewer_entry_pipes, uniq_pikel

Skill      XL: |  1  2  3  4  5  6 |
---------------+-------------------+-----
Fighting       | 4 5 |  5.3
Evocations     | 2 3 |  3.6
Polearms       | 2 |  2.6
Necromancy     | 1 |  1.1
Dodging        | |  1.5
Stealth        | |  4.1

Action                   |  1- 3 |  4- 6 || total
-------------------------+-------+-------++-------
Melee: Spear             |     9 |   423 ||   432
       Punch             |       |     3 ||     3
 Cast: Pain              |       |     7 ||     7
Evoke: Wand              |     2 |     3 ||     5
 Stab: Sleeping          |       |    20 ||    20
       Distracted        |       |     1 ||     1
Armor: Leather armour    |     2 |    90 ||    92
Dodge: Dodged            |     5 |   172 ||   177
